 Dungeon Crawl Stone Soup version 0.26.1-11-gd32895ea62 (webtiles) character file.

Game seed: 4506293904998056678

71935 broquaint the Severer (level 15, -9/107 HPs)
             Began as a Hill Orc Fighter on May 28, 2021.
             Was a High Priest of Okawaru.
             Killed by the air
             ... invoked by a wind drake
              (11 damage)
             ... on level 6 of the Lair of Beasts.
             The game lasted 02:09:16 (19305 turns).

broquaint the Severer (Hill Orc Fighter)           Turns: 19305, Time: 02:09:17

Health: -9/107     AC: 25    Str: 24    XL:     15   Next: 38%
Magic:  21/22      EV: 23    Int:  8    God:    Okawaru [*****.]
Gold:   1729       SH:  0    Dex: 27    Spells: 14/14 levels left

rFire    . . .     SeeInvis .   h - +3 executioner's axe (freeze)
rCold    . . .     Faith    .   (shield currently unavailable)
rNeg     . . .     Spirit   .   O - +3 scale mail {Will+}
rPois    .         Reflect  .   y - +1 helmet
rElec    .         Harm     .   J - +0 cloak
rCorr    .         Rampage  +   i - +0 pair of gloves {Dex+3}
Will     ++...                  U - +2 pair of boots {rampage}
Stlth    ++........             L - amulet of regeneration
HPRegen  0.67/turn              F - +6 ring of dexterity
MPRegen  0.18/turn              N - +6 ring of dexterity

@: about to teleport, heroism, finesse, barbed spikes
A: no striking features
a: Renounce Religion, Heroism, Finesse


You were on level 6 of the Lair of Beasts.
You worshipped Okawaru.
Okawaru was extremely pleased with you.
You visited 4 branches of the dungeon, and saw 23 of its levels.

You collected 2347 gold pieces.
You spent 618 gold pieces at shops.

Inventory:

Hand Weapons
 h - a +3 executioner's axe of freezing (weapon)
 R - a +2 battleaxe of flaming
Missiles
 b - 12 javelins
 c - 4 atropa-tipped darts (quivered)
 p - 32 boomerangs
 w - 42 poisoned darts
 C - 12 curare-tipped darts
 S - 7 boomerangs of dispersal
 W - 8 silver boomerangs
Armour
 i - a +0 pair of gloves of dexterity (worn)
 y - a +1 helmet (worn)
 J - a +0 cloak (worn)
 O - a +3 scale mail of willpower (worn)
 U - a +2 pair of boots of rampaging (worn)
Jewellery
 g - a +4 ring of protection
 F - a +6 ring of dexterity (left hand)
 G - an uncursed ring of protection from cold
 L - an amulet of regeneration (around neck)
 N - a +6 ring of dexterity (right hand)
Wands
 d - a wand of iceblast (21)
 v - a wand of flame (31)
 Q - a wand of enslavement (12)
 Y - a wand of acid (8)
Scrolls
 f - 8 scrolls of magic mapping
 m - 2 scrolls of amnesia
 o - 6 scrolls of enchant armour
 q - 7 scrolls of teleportation
 r - 3 scrolls of identify
 x - 6 scrolls of remove curse
 z - a scroll of brand weapon {unknown}
 A - 2 scrolls of silence {unknown}
 B - 2 scrolls of summoning {unknown}
 D - 2 scrolls of noise {unknown}
 E - a scroll of blinking {unknown}
 H - 3 scrolls of fog
 V - a scroll of random uselessness {unknown}
 Z - 3 scrolls of fear
Potions
 a - a potion of heal wounds
 e - 5 potions of lignification
 j - 3 potions of flight
 k - 7 potions of attraction
 l - 3 potions of berserk rage
 n - 6 potions of curing
 s - 5 potions of mutation
 t - 3 potions of cancellation
 u - 2 potions of degeneration
 I - a potion of resistance
 K - 4 potions of haste
 M - a potion of invisibility {unknown}
 P - a potion of ambrosia {unknown}
 T - 2 potions of magic {unknown}
 X - a potion of might


   Skills:
 - Level 3.6(8.6) Fighting
 + Level 20.6(25.6) Axes
 - Level 4.0(9.0) Throwing
 + Level 16.9(21.9) Armour
 + Level 7.5(12.5) Dodging
 - Level 3.2(8.2) Shields
 - Level 10.6 Invocations


You had 14 spell levels left.
You didn't know any spells.
Your spell library contained the following spells:

 Spells                   Type           Power        Failure   Level
 Animate Skeleton         Necr           0%           56%         1
 Apportation              Tloc           0%           56%         1
 Corona                   Hex            0%           56%         1
 Foxfire                  Conj/Fire      0%           56%         1
 Freeze                   Ice            0%           56%         1
 Magic Dart               Conj           0%           56%         1
 Pain                     Necr           0%           56%         1
 Shock                    Conj/Air       0%           56%         1
 Sting                    Tmut/Pois      0%           56%         1
 Summon Small Mammal      Summ           0%           56%         1
 Blink                    Tloc           N/A          71%         2
 Call Imp                 Summ           0%           71%         2
 Corpse Rot               Necr/Air       N/A          71%         2
 Passwall                 Tmut/Erth      0%           71%         2
 Poisonous Vapours        Pois/Air       0%           71%         2
 Slow                     Hex            0%           71%         2
 Sublimation of Blood     Necr           0%           71%         2
 Confusing Touch          Hex            0%           91%         3
 Conjure Flame            Conj/Fire      0%           91%         3
 Frozen Ramparts          Ice            0%           91%         3
 Gell's Gravitas          Tloc           0%           91%         3
 Ignite Poison            Fire/Tmut/Pois 0%           91%         3
 Inner Flame              Hex/Fire       0%           91%         3
 Lesser Beckoning         Tloc           0%           91%         3
 Mephitic Cloud           Conj/Pois/Air  0%           91%         3
 Ozocubu's Armour         Ice            0%           91%         3
 Tukima's Dance           Hex            0%           91%         3
 Vampiric Draining        Necr           0%           91%         3
 Animate Dead             Necr           0%           100%        4
 Hailstorm                Conj/Ice       0%           100%        4
 Olgreb's Toxic Radiance  Pois           0%           100%        4
 Petrify                  Tmut/Erth      0%           100%        4
 Sticky Flame             Conj/Fire      0%           100%        4
 Summon Ice Beast         Ice/Summ       0%           100%        4
 Agony                    Necr           0%           100%        5
 Alistair's Intoxication  Tmut/Pois      0%           100%        5
 Blade Hands              Tmut           0%           100%        5
 Fireball                 Conj/Fire      0%           100%        5
 Metabolic Englaciation   Hex/Ice        0%           100%        5
 Yara's Violent Unravell  Hex/Tmut       0%           100%        5
 Invisibility             Hex            0%           100%        6
 Tornado                  Air            0%           100%        9


Dungeon Overview and Level Annotations

Branches:
Dungeon (14/15)            Temple (1/1) D:6            Lair (6/6) D:9
 Shoals (0/4) Lair:3        Snake (0/4) Lair:4          Orc (2/2) D:9
    Elf (0/3) Orc:2
  Slime: Lair:5-6    Vaults: D:13-14

Altars:
Cheibriados
Dithmenos
Elyvilon
Fedhas
Gozag
Hepliaklqana
Kikubaaqudgha
Makhleb
Nemelex Xobeh
Okawaru
Ru
Trog
Vehumet
Xom
Yredelemnul
Zin
The Shining One
Beogh

Shops:
D:5 ?   D:7 *   Orc:2 ![[((

Portals:
Trove: D:11 (give 6 scrolls of fear)

Annotations:
D:1 1 runed translucent door
D:11 Fannar
Lair:1 3 runed translucent doors, ZZKoverts's ghost, journeyman DDFi
Lair:2 exclusion: oklob plant


Message History

* * * LOW HITPOINT WARNING * * *
The cane toad seems less confused.
The wind drake bites you but does no damage.
The six-headed hydra bites you but does no damage. x2
The six-headed hydra misses you. The six-headed hydra bites you!
* * * LOW HITPOINT WARNING * * *
The six-headed hydra bites you!
* * * LOW HITPOINT WARNING * * *
The six-headed hydra closely misses you.
The barbed spikes dig painfully into your body as you move.
* * * LOW HITPOINT WARNING * * *
The wind drake exhales a fierce blast of wind!
You are blown backwards!
The merfolk avatar chants a haunting song.
You resist with almost no effort.
As you read the scroll of teleportation, it crumbles to dust.
You feel strangely unstable. The wind drake flaps its wings at you.
The air twists around and strikes you!
You die...

≈≈≈≈≈≈......###
#≈≈≈≈.........#P.#
#P≈##....†††...P+
#≈≈#.....††.......
#≈≈≈≈P...†........
#≈P≈≈≈.†..........
#≈≈##.†...........
#≈≈##........#...#
≈P≈#≈≈mY.H..@....####
#≈≈.≈≈≈≈F.<........#
≈≈≈.#≈#.Yk.....###..
≈≈≈#≈≈#..D.....# ≈
#≈≈≈≈≈........#
#≈≈≈P.........#
#≈≈.#≈.......##
#≈≈##≈......... #≈≈
≈P.........


You could see a merfolk avatar, a six-headed hydra, 2 elephants, a wind drake
(repels missiles), a manticore and a cane toad (blind).

Vanquished Creatures
  An orc warlord (Orc:1)
  A stone giant (Orc:1)
  An ettin (Orc:2)
  3 hydras
  A boulder beetle (D:13)
  A queen ant (D:11)
  5 two-headed ogres
  2 centaur warriors (D:13)
  2 orc high priests
  A death yak (Lair:5)
  Sonja (D:11)
  7 skeletal warriors
  A sea snake (Lair:6)
  5 unseen horrors
  A wizard (D:12)
  Pikel (D:8)
  A wolf spider zombie (D:13)
  An orc knight (Orc:1)
  3 cyclopes
  5 deep elf magi
  5 orc sorcerers
  A manticore (D:11)
  2 slime creatures (D:14)
  3 merfolk sirens (Lair:3)
  12 elephants
  8 black mambas
  2 gargoyles
  10 cane toads
  A kobold demonologist (D:9)
  6 rime drakes
  8 komodo dragons
  A merfolk (Lair:3)
  2 tengu conjurers (D:13)
  6 trolls
  3 polar bears
  A hornet (Lair:6)
  7 blink frogs
  A meliai zombie (D:12)
  A wraith (D:12)
  2 shadows (D:11)
  36 yaks
  3 wyverns
  A basilisk (Lair:4)
  A human (shapeshifter) (D:14)
  Grum (D:8)
  A steam dragon (D:13)
  Edmund (D:5)
  3 wargs (Orc:1)
  14 soldier ants
  17 water moccasins
  26 orc warriors
  3 sky beasts
  4 black bears
  10 wolves
  A phantom (D:4)
  19 ogres
  4 boggarts (D:14)
  11 centaurs
  3 lemures
  14 big kobolds
  17 bullfrogs
  A gnoll sergeant (D:9)
  A scorpion (D:10)
  15 killer bees
  24 wights
  2 howler monkeys
  4 crimson imps (D:4)
  A centaur zombie (D:6)
  2 hounds (D:8)
  2 quasits
  28 orc priests
  An iron imp (D:4)
  A bullfrog skeleton (D:13)
  4 centaur skeletons
  2 jellies
  Jessica (D:3)
  2 iguanas
  Ijyb (D:3)
  35 orc wizards
  35 worker ants
  A killer bee zombie (D:7)
  A hound zombie (D:6)
  A hound skeleton (D:5)
  Robin (D:4)
  12 adders
  3 gnolls (D:9)
  3 shadow imps
  An ufetubus (D:10)
  An ooze (D:7)
  2 adder zombies
  3 worms
  2 dart slugs
  7 leopard geckos
  73 orcs
  A ball python (D:3)
  6 giant cockroaches
  10 goblins
  10 hobgoblins
  3 jackals (D:10)
  5 quokkas
  9 bats
  3 frilled lizards (D:1)
  A goblin skeleton (D:5)
  2 goblin zombies (D:5)
  A hobgoblin zombie (D:5)
  53 kobolds
  6 kobold skeletons (D:9)
  13 kobold zombies
  An orc skeleton (D:5)
  A quokka skeleton (D:9)
  7 rats
  A bush (Lair:2)
  A butterfly (Lair:2)
723 creatures vanquished.

Vanquished Creatures (others)
  A centaur warrior (D:13)
  An orc wizard (Orc:2)
  An orc (D:13)
  2 bushes (Lair:6)
  14 fungi
  38 plants
57 creatures vanquished.

Grand Total: 780 creatures vanquished

Notes
Turn   | Place    | Note
-------+----------+-------------------------------------------
     0 | D:1      | broquaint the Hill Orc Fighter began the quest for the Orb.
     0 | D:1      | Reached XP level 1. HP: 19/19 MP: 1/1
     0 | D:1      | Noticed a jelly
     1 | D:1      | Found a runed translucent door.
    58 | D:1      | Reached skill level 3 in Axes
    91 | D:1      | Reached XP level 2. HP: 20/26 MP: 2/2
   261 | D:1      | Reached skill level 4 in Axes
   698 | D:1      | Reached XP level 3. HP: 31/31 MP: 3/3
  1120 | D:2      | Reached skill level 5 in Axes
  1163 | D:2      | Reached XP level 4. HP: 32/39 MP: 4/4
  1952 | D:2      | Reached skill level 6 in Axes
  2294 | D:3      | Noticed Ijyb
  2299 | D:3      | Noticed an ogre
  2306 | D:3      | Killed Ijyb
  2308 | D:3      | Killed an ogre
  2309 | D:3      | Reached skill level 7 in Axes
  2309 | D:3      | Reached XP level 5. HP: 45/45 MP: 5/5
  2521 | D:3      | Noticed Jessica
  2523 | D:3      | Reached skill level 8 in Axes
  2523 | D:3      | Reached XP level 6. HP: 44/51 MP: 6/6
  2526 | D:3      | Killed Jessica
  2892 | D:4      | Noticed a phantom
  2933 | D:4      | Killed a phantom
  2934 | D:4      | Reached skill level 9 in Axes
  3219 | D:4      | Found a shimmering altar of Xom.
  3240 | D:4      | Reached XP level 7. HP: 57/57 MP: 7/7
  3488 | D:4      | Noticed Robin
  3526 | D:4      | Killed Robin
  3537 | D:4      | HP: 2/57 [poisoned by Robin]
  4030 | D:5      | Entered Level 5 of the Dungeon
  4031 | D:5      | Found a glowing golden altar of the Shining One.
  4071 | D:4      | Reached skill level 10 in Axes
  4322 | D:5      | Reached skill level 5 in Armour
  4353 | D:5      | Reached XP level 8. HP: 57/64 MP: 8/8
  4525 | D:5      | Noticed Edmund
  4532 | D:5      | Killed Edmund
  4555 | D:5      | Found Piacwew's Magic Scroll Shop.
  4560 | D:5      | Bought a scroll of identify for 28 gold pieces
  4560 | D:5      | Bought a scroll of remove curse for 42 gold pieces
  4754 | D:6      | Found a staircase to the Ecumenical Temple.
  4772 | Temple   | Entered the Ecumenical Temple
  4816 | Temple   | Became a worshipper of Warmaster Okawaru
  4868 | D:6      | Reached skill level 11 in Axes
  5917 | D:7      | Reached * piety under Okawaru
  6091 | D:7      | Found a basalt altar of Yredelemnul.
  6168 | D:6      | Reached skill level 1 in Throwing
  6232 | D:6      | Reached XP level 9. HP: 50/70 MP: 9/9
  6393 | D:7      | Found Xuodghid's General Store.
  6396 | D:7      | Bought a scroll of teleportation for 36 gold pieces
  6396 | D:7      | Bought a +0 helmet for 54 gold pieces
  6396 | D:7      | Bought a scroll of fog for 24 gold pieces
  6606 | D:8      | Noticed Pikel
  6652 | D:7      | Reached skill level 12 in Axes
  6981 | D:8      | Reached ** piety under Okawaru
  7471 | D:8      | Noticed Grum
  7531 | D:8      | Killed Pikel
  7531 | D:8      | Reached *** piety under Okawaru
  7532 | D:8      | Reached skill level 13 in Axes
  7532 | D:8      | Reached XP level 10. HP: 40/77 MP: 10/10
  7642 | D:8      | Killed Grum
  7870 | D:9      | Found a staircase to the Lair.
  7936 | Lair:1   | Entered Level 1 of the Lair of Beasts
  8128 | D:9      | Noticed a kobold demonologist
  8177 | D:9      | Killed a kobold demonologist
  8177 | D:9      | Received a gift from Okawaru
  8178 | D:9      | Reached skill level 10 in Armour
  8183 | D:9      | Reached skill level 14 in Axes
  8263 | D:9      | Found an ancient bone altar of Kikubaaqudgha.
  8447 | D:9      | Found a staircase to the Orcish Mines.
  8462 | D:9      | Reached **** piety under Okawaru
  8829 | D:9      | Got a jewelled long sword
  8836 | D:9      | Identified the +7 long sword "Foadom" {pain, *Drain rF+
                  | rC++} (You found it on level 9 of the Dungeon)
  8869 | D:10     | Entered Level 10 of the Dungeon
  8967 | D:10     | Reached skill level 15 in Axes
  9062 | D:10     | Noticed a skeletal warrior
  9062 | D:10     | Noticed a skeletal warrior
  9062 | D:10     | Noticed a skeletal warrior
  9063 | D:10     | Noticed a skeletal warrior
  9103 | D:9      | Reached XP level 11. HP: 24/81 MP: 8/11
  9219 | D:8      | Reached ***** piety under Okawaru
  9397 | Orc:1    | Entered Level 1 of the Orcish Mines
  9448 | Orc:1    | Found a burning altar of Makhleb.
  9454 | Orc:1    | Noticed an orc knight
  9555 | D:10     | Noticed a cyclops
  9605 | D:10     | Killed an unseen horror
  9605 | D:10     | Received a gift from Okawaru
  9702 | Lair:1   | Reached skill level 1 in Invocations
  9825 | Lair:1   | Received a gift from Okawaru
  9911 | Lair:1   | Reached skill level 16 in Axes
 10275 | Lair:1   | Noticed a minotaur
 10276 | Lair:1   | Found a runed translucent gate.
 10277 | Lair:1   | Found a runed translucent gate.
 10278 | Lair:1   | Found a runed translucent gate.
 10279 | Lair:1   | Noticed ZZKoverts's ghost (journeyman DDFi)
 10419 | Lair:2   | Noticed a four-headed hydra
 10564 | D:10     | Killed a skeletal warrior
 10683 | D:10     | Noticed a two-headed ogre
 10696 | D:10     | Killed a two-headed ogre
 10948 | D:10     | Killed a skeletal warrior
 10949 | D:10     | Reached skill level 5 in Invocations
 10973 | D:10     | Killed a skeletal warrior
 10974 | D:10     | Reached XP level 12. HP: 52/90 MP: 12/16
 11238 | D:11     | Received a gift from Okawaru
 11373 | D:11     | Reached skill level 17 in Axes
 11649 | D:11     | Noticed a two-headed ogre
 11666 | D:11     | Killed a two-headed ogre
 11783 | D:11     | Noticed Sonja
 11787 | D:11     | Noticed a queen ant
 11787 | D:11     | Noticed Fannar
 11818 | D:11     | Killed a queen ant
 11842 | D:11     | Killed Sonja
 12161 | D:11     | Found a portal to a secret trove of treasure.
 12240 | D:11     | Received a gift from Okawaru
 12284 | D:11     | Reached XP level 13. HP: 91/95 MP: 20/20
 12682 | Orc:1    | Noticed a stone giant
 12806 | Lair:1   | Reached skill level 18 in Axes
 12806 | Lair:1   | Reached skill level 10 in Invocations
 12886 | Lair:2   | HP: 4/95 [yak (1)]
 13008 | Lair:1   | Received a gift from Okawaru
 13150 | Lair:2   | Received a gift from Okawaru
 13151 | Lair:2   | Reached skill level 1 in Dodging
 13706 | Lair:3   | Received a gift from Okawaru
 13708 | Lair:3   | Found a staircase to the Shoals.
 13713 | Lair:3   | Reached skill level 15 in Armour
 14020 | Lair:4   | Found a staircase to the Snake Pit.
 14204 | Lair:4   | Identified Erifa's Collected Works on Vitriolic Necromancy
 14430 | Lair:4   | Received a gift from Okawaru
 15037 | Lair:5   | Reached skill level 19 in Axes
 15037 | Lair:5   | Reached XP level 14. HP: 92/102 MP: 21/21
 15301 | Lair:6   | Entered Level 6 of the Lair of Beasts
 15314 | Lair:6   | Found an ancient bone altar of Kikubaaqudgha.
 15358 | Lair:5   | Reached ****** piety under Okawaru
 16353 | D:12     | Identified Kikubaaqudgha's Almanac of Dhcmrlchtdj
 16364 | D:12     | Identified Qupomn's Handbook of Axaxaxas mlö
 16380 | D:12     | Reached skill level 5 in Dodging
 16585 | D:12     | Identified the Grimoire of Combed Thunderclap
 17257 | D:13     | Received a gift from Okawaru
 17901 | Orc:1    | Killed a stone giant
 17902 | Orc:1    | Reached skill level 20 in Axes
 18007 | Orc:1    | Received a gift from Okawaru
 18065 | Orc:1    | You fall into a shaft and drop 1 floor!
 18065 | Orc:2    | Entered Level 2 of the Orcish Mines
 18072 | Orc:2    | Found a staircase to the Elven Halls.
 18123 | Orc:2    | Found a roughly hewn altar of Beogh.
 18147 | Orc:2    | Found a dark tunnel.
 18229 | Orc:2    | Found Ruogish's Weapon Emporium.
 18317 | Orc:1    | Noticed an orc warlord
 18407 | Orc:1    | Reached XP level 15. HP: 84/107 MP: 19/22
 18433 | Orc:1    | Killed an orc warlord
 18460 | Orc:1    | Found a roughly hewn altar of Beogh.
 18631 | Orc:2    | Found Ydyburch's Armour Emporium.
 18631 | Orc:2    | Found Maumiqesk's Antique Weapon Emporium.
 18633 | Orc:2    | Found Qahan's Armour Shoppe.
 18636 | Orc:2    | Found Berchusm's Distillery.
 18640 | Orc:2    | Bought a potion of degeneration for 14 gold pieces
 18640 | Orc:2    | Bought a potion of resistance for 140 gold pieces
 18640 | Orc:2    | Bought a potion of haste for 140 gold pieces
 18640 | Orc:2    | Bought a potion of haste for 140 gold pieces
 19304 | Lair:6   | HP: 1/107 [barbs]
 19305 | Lair:6   | Killed from afar by a wind drake

Illustrated notes

Levels and vault maps discovered:
D:1:      dpeg_arrival_caged_fury, layout_loops_corners, minmay_misc_feat_alley
D:2:      layout_basic, serial_forest, infiniplex_forest_clump_long,
          infiniplex_forest_straight_4, infiniplex_forest_straight_2,
          infiniplex_forest_split, infiniplex_forest_clump_double,
          infiniplex_forest_lined_room_3, wad_orctagon
D:3:      layout_basic, uniq_jessica, uniq_ijyb
D:4:      layout_rooms, led_xom_imps, uniq_robin
D:5:      layout_cave_pools, serial_shops, kennysheep_little_box,
          nicolae_tso_besieged_by_evil, uniq_edmund
D:6:      layout_rooms, temple_pool_b
D:7:      layout_rooms, kennysheep_mini_moat, serial_shops, kennysheep_mini
D:8:      layout_basic, uniq_pikel, uniq_grum
D:9:      wander_kiku_kobolds, layout_gridville, lair_entry_dummy,
          kennysheep_orc_monster_closet_entryway
D:10:     layout_roguey
D:11:     layout_basic, enter_trove_0, zaba_anthell, uniq_sonja, uniq_fannar
D:12:     layout_cave_pods, bh_hangedman_babel_library
D:13:     layout_basic
D:14:     layout_loops_corners, ximxim_vaults_locker_room,
          amcnicky_mini_rare_corridor_liquid
Temple:   regret_index_temple_sigil_plot
Lair:1:   layout_hall_layers, maelrawn_ghost_gauntlet_escape
Lair:2:   layout_hall_layers, chequers_serial_rivers_small_a,
          grunt_forest_large_clearing_hut, serial_bayou_shore_a,
          grunt_megastairs_2, minmay_lair_oklob_chamber, lemuel_fruit_fields
Lair:3:   layout_misc_corridors, elwin_shoals_entry_stream, st_stairs_4,
          grunt_forest_small_clearing_treed
Lair:4:   layout_cellular_growth, minmay_snake_entry_six_corridors
Lair:5:   layout_regular_city, infiniplex_staircase_pool, wad_woods_river_01
Lair:6:   gammafunk_lair_ancient_temple, layout_regular_city, slime_altar_1,
          basic_altar
Orc:1:    layout_diamond_mine, basic_altar, david_defended_altar_orc
Orc:2:    st_orc_mages, layout_caves, nicolae_volcano_entry_two_sided,
          serial_shops, nicolae_shop_temple_entry_statues_fountains,
          lemuel_statue_altar

Skill      XL: |  1  2  3  4  5  6  7  8  9 10 11 12 13 14 15 |
---------------+----------------------------------------------+-----
Axes           | 3 4 5 7 8 9 10 11 13 15 16 17 19 20 | 20.6
Armour         | 5 7 9 11 12 14 15 16 | 16.9
Throwing       | 1 4 |  4.0
Invocations    | 5 9 10 | 10.6
Dodging        | 3 6 7 |  7.5
Fighting       | |  3.6
Shields        | |  3.2

Action                   |  1- 3 |  4- 6 |  7- 9 | 10-12 | 13-15 || total
-------------------------+-------+-------+-------+-------+-------++-------
Melee: War axe           |   115 |   120 |    78 |       |       ||   313
       Battleaxe         |       |       |   279 |   696 |   502 ||  1477
       Executioner's axe |       |       |       |       |   376 ||   376
Throw: Dart              |       |       |     9 |    38 |    11 ||    58
       Boomerang         |       |       |       |       |     6 ||     6
Invok: Heroism           |       |       |       |    13 |    23 ||    36
       Finesse           |       |       |       |     1 |     3 ||     4
Evoke: Wand              |       |       |     1 |       |       ||     1
  Use: Potion            |       |     1 |     2 |     2 |     3 ||     8
       Scroll            |       |     6 |     2 |     5 |    15 ||    28
 Stab: Distracted        |       |       |       |       |     3 ||     3
Armor: Scale mail        |    48 |    54 |   146 |       |   232 ||   480
       Chain mail        |       |       |    91 |   486 |   209 ||   786
Dodge: Dodged            |    26 |    28 |   129 |   349 |   592 ||  1124
Block: Kite shield       |    62 |    61 |    35 |       |       ||   158
